[Event "*** SCC Grand Prix: Titled Tuesday Blitz"]
[Site "Chess.com"]
[Date "2020.08.25"]
[Round "7"]
[White "PauloCesarCosta_sad"]
[Black "IMAghasiyevKamal"]
[Result "1/2-1/2"]
[WhiteElo "2273"]
[BlackElo "2425"]
[TimeControl "180+1"]
[EndTime "11:17:21 PDT"]
[Termination "Game drawn by agreement"]

1. Nf3 Nf6 2. c4 g6 3. g3 Bg7 4.
Bg2 O-O 5. O-O d6 6. d4 Nc6 7.
Nc3 Bf5 8. d5 Na5 9. Nd4 Bd7 10.
b3 c5 11. dxc6 Nxc6 12. Bb2 a6 13. Qd2 Rc8 14. Rfd1 Nxd4 15. Qxd4 b5 16. cxb5 Ng4 17. Qd2 axb5 18. Rac1 Qb6 19. e3 1/2-1/2

[Event "*** SCC Grand Prix: Titled Tuesday Blitz"]
[Site "Chess.com"]
[Date "2020.08.25"]
[Round "7"]
[White "ClydeHillKid"]
[Black "TST2014"]
[Result "0-1"]
[WhiteElo "2343"]
[BlackElo "2492"]
[TimeControl "180+1"]
[EndTime "11:17:29 PDT"]
[Termination "TST2014 won by resignation"]

1. e4 c5 2. Nf3 Nc6 3. d4 cxd4 4. Nxd4 Nf6 5. Nc3 d6 6. Bc4 e5 7. Nf3 h6 8. h3 Be7 9. O-O Be6 10. Bxe6 fxe6 11. Re1 O-O 12. a3 Qe8 13. Nb5 Rd8 14. c4 Nh5 15. Nc3 Nf4 16. Bxf4 Rxf4 17. b4 Qf7 18. Re3 Nd4 19. Nxd4 exd4 20. Qxd4 Rxf2 21.
Re2 Rxe2 22. Nxe2 Bf6 23. Qd1 Bxa1 24. Qxa1 Rc8 25. Qd4 Qc7 26. Qxa7 Qxc4 27. Ng3 Qc1+ 28. Kh2 Qf4 29. Qd4 h5 30. Kg1 Rc1+ 31. Kh2 h4 0-1

[Event "*** SCC Grand Prix: Titled Tuesday Blitz"]
[Site "Chess.com"]
[Date "2020.08.25"]
[Round "7"]
[White "eightbyeightchess"]
[Black "KarpovVadim"]
[Result "1-0"]
[WhiteElo "2443"]
[BlackElo "2316"]
[TimeControl "180+1"]
[EndTime "11:17:38 PDT"]
[Termination "eightbyeightchess won by resignation"]

1. e4 e5 2. Nf3 Nc6 3. Bb5 Nf6 4. d4 exd4 5. O-O Be7 6. Re1 O-O 7. e5 Nd5 8. c3 Nb6 9. cxd4 d5 10. h3 Be6 11.
Nbd2 Nb8 12. Nf1 c6 13. Bd3 N8d7 14. b3 Re8 15. Ng3 Nf8 16. a4 a5 17. Bd2 Qd7 18.
Rc1 Ng6 19. Ng5 Bxg5 20. Bxg5 h6 21. Bd2 Ne7 22. Qh5 Kf8 23. Bxh6 Ng8 24. Bd2 Qe7 25. Qh8 f6 26. Nh5 f5 27. Re3 g6 28. Rg3 Qf7 29.
Nf4 Ke7 30. Rxg6 1-0

[Event "*** SCC Grand Prix: Titled Tuesday Blitz"]
[Site "Chess.com"]
[Date "2020.08.25"]
[Round "7"]
[White "BocharovD"]
[Black "GM_dmitrij"]
[Result "1-0"]
[WhiteElo "2733"]
[BlackElo "2876"]
[TimeControl "180+1"]
[EndTime "11:17:39 PDT"]
[Termination "BocharovD won by resignation"]

1. c4 e5 2. d3 Nf6 3. Nf3 Bb4+ 4. Nbd2 Qe7 5. a3 Bd6 6. b4 c5 7. b5 a6 8. e4 Bc7 9. Be2 axb5 10. cxb5 d5 11. O-O O-O 12. Qc2 Nbd7 13. Re1 b6 14. exd5 Nxd5 15. Bb2 Bb7 16. Bf1 Qf6 17. g3 Rfe8 18.
Bg2 Qh6 19. Nc4 f6 20. Qb3 Kh8 21. Nh4 Rab8 22. Nf5 Qg6 23. Ncd6 Nf4 24. Nf7+ Qxf7 1-0

[Event "*** SCC Grand Prix: Titled Tuesday Blitz"]
[Site "Chess.com"]
[Date "2020.08.25"]
[Round "7"]
[White "Noam_Vitenberg"]
[Black "dretch"]
[Result "0-1"]
[WhiteElo "2511"]
[BlackElo "2757"]
[TimeControl "180+1"]
[EndTime "11:17:42 PDT"]
[Termination "dretch won by checkmate"]

1. Nf3 d5 2. c4 dxc4 3. e4 Nf6 4. Nc3 c5 5. Bxc4 e6 6. O-O Nc6 7. Bb5 Bd7 8. d4 cxd4 9. Nxd4 Nxd4 10. Qxd4 Bxb5 11.
Qxd8+ Rxd8 12. Nxb5 Bc5 13. Bg5 h6 14. Bxf6 gxf6 15. Rac1 Bb6 16. Rfd1 Ke7 17. Kf1 Rxd1+ 18.
Rxd1 Rc8 19. Nc3 Ba5 20. Nb5 Rc2 21. Rb1 Bb6 22. f3 Rf2+ 23. Ke1 Rxg2 24. Rd1 Rxb2 25. a4 Rxh2 26. Rd3 h5 27. Nd6 h4 28. Nxb7 h3 29.
a5 Ra2 30. axb6 h2 31. Rd2 h1=Q+ 32. Ke2 Qg2+ 33. Ke3 Qxd2# 0-1

[Event "*** SCC Grand Prix: Titled Tuesday Blitz"]
[Site "Chess.com"]
[Date "2020.08.25"]
[Round "7"]
[White "Reader777"]
[Black "ural58"]
[Result "1-0"]
[WhiteElo "2676"]
[BlackElo "2493"]
[TimeControl "180+1"]
[EndTime "11:17:42 PDT"]
[Termination "Reader777 won by resignation"]

1. d4 d5 2. c4 e5 3. dxe5 d4 4. Nf3 Nc6 5. g3 Nge7 6. Bg2 Ng6 7. Bg5 Qd7 8. e6 fxe6 9. O-O h6 10. Bc1 Be7 11. Nbd2 O-O 12. b3 e5 13. Bb2 Bf6 14. Ne4 Qf7 15. Nfd2 Bf5 16. Nxf6+ gxf6 17. e3 Rad8 18.
exd4 Nxd4 19. Bxd4 Rxd4 20. Qc1 c6 21. Nf3 Rd3 22.
Qxh6 Rfd8 23. Qh5 Be4 24. Ng5 fxg5 25. Bxe4 R3d6 26. Qxg5 Kf8 27. h4 Ne7 28. Qxe5 Rf6 29. Rad1 Rxd1 30. Rxd1 1-0

[Event "*** SCC Grand Prix: Titled Tuesday Blitz"]
[Site "Chess.com"]
[Date "2020.08.25"]
[Round "7"]
[White "RaunakSadhwani2005"]
[Black "azikom"]
[Result "1-0"]
[WhiteElo "2864"]
[BlackElo "2636"]
[TimeControl "180+1"]
[EndTime "11:17:47 PDT"]
[Termination "RaunakSadhwani2005 won by checkmate"]

1. d4 e6 2. Bf4 d5 3. e3 Bd6 4. Nf3 Bxf4 5. exf4 c5 6. dxc5 Qa5+ 7. c3 Qxc5 8. Nbd2 Nf6 9. Bd3 Qc7 10. g3 O-O 11.
O-O b6 12. Re1 Ba6 13. Bc2 Nbd7 14. Nd4 Nc5 15. Qf3 h6 16. Re3 Bc4 17. a3 Rfe8 18. Rae1 a5 19. g4 Ba6 20. g5 hxg5 21. fxg5 Nfe4 22.
Nxe4 dxe4 23. Bxe4 Nxe4 24. Qxe4 Bb7 25. Qh4 Qd6 26.
Rh3 Kf8 27. Nf5 Qd5 28. Qh8# 1-0

[Event "*** SCC Grand Prix: Titled Tuesday Blitz"]
[Site "Chess.com"]
[Date "2020.08.25"]
[Round "7"]
[White "Blagorod"]
[Black "Alembong"]
[Result "1/2-1/2"]
[WhiteElo "2179"]
[BlackElo "2445"]
[TimeControl "180+1"]
[EndTime "11:17:49 PDT"]
[Termination "Game drawn by agreement"]

1. e4 e5 2. Nf3 Nf6 3. Nxe5 d6 4. Nf3 Nxe4 5. d4 d5 6. Bd3 Nc6 7. O-O Be7 8. c4 Nb4 9. Be2 Bf5 10. a3 Nc6 11. Nc3 Nxc3 12. bxc3 dxc4 13. Bxc4 O-O 14. Bf4 Bd6 15. Qd2 Bg4 16. Ng5 Qf6 17. Bxd6 cxd6 18. Ne4 Qg6 19. Ng3 Rfe8 20. h3 Bd7 21. Rfe1 Rxe1+ 22.
Rxe1 Rc8 23. Ba2 Be8 1/2-1/2

[Event "*** SCC Grand Prix: Titled Tuesday Blitz"]
[Site "Chess.com"]
[Date "2020.08.25"]
[Round "7"]
[White "KyrgyzFighter"]
[Black "creativity"]
[Result "1-0"]
[WhiteElo "2307"]
[BlackElo "2035"]
[TimeControl "180+1"]
[EndTime "11:17:50 PDT"]
[Termination "KyrgyzFighter won by resignation"]

1. c4 Nf6 2. Nc3 g6 3. e4 d6 4. d4 Bg7 5. f3 O-O 6. Be3 e5 7. d5 Nh5 8. Qd2 f5 9. exf5 gxf5 10.
O-O-O Na6 11. Bd3 Nb4 12. Bb1 Qh4 13. g4 f4 14. Bf2 Ng3 15. a3 Na6 16. Ne4 Nxe4 17.
Bxe4 Qf6 18. h4 Bd7 19. Qc2 b5 20. Bxh7+ Kh8 21. h5 Bh6 22. Bd3 bxc4 23. Bxc4 Nc5 24.
Bh4 Bg5 25. Bxg5 Qxg5 26. Nh3 e4 27. Nxg5 1-0

[Event "*** SCC Grand Prix: Titled Tuesday Blitz"]
[Site "Chess.com"]
[Date "2020.08.25"]
[Round "7"]
[White "skiff134"]
[Black "PSvidler"]
[Result "1-0"]
[WhiteElo "2742"]
[BlackElo "2940"]
[TimeControl "180+1"]
[EndTime "11:17:51 PDT"]
[Termination "skiff134 won by resignation"]

1. d4 Nf6 2. c4 g6 3. Nc3 d5 4. Bf4 Bg7 5. Nf3 O-O 6. Rc1 dxc4 7. e4 c5 8. dxc5 Qa5 9. e5 Rd8 10. Bd2 Nh5 11. Bxc4 Qxc5 12. Qb3 e6 13. Ne4 Qc6 14.
Nd6 Rxd6 15. Bb5 Qxc1+ 16. Bxc1 Rb6 17. Be3 1-0

[Event "*** SCC Grand Prix: Titled Tuesday Blitz"]
[Site "Chess.com"]
[Date "2020.08.25"]
[Round "7"]
[White "Korchmar_Vasiliy"]
[Black "IrinaDrogovoz"]
[Result "1-0"]
[WhiteElo "2614"]
[BlackElo "2382"]
[TimeControl "180+1"]
[EndTime "11:17:51 PDT"]
[Termination "Korchmar_Vasiliy won by checkmate"]

1. d4 Nf6 2. Nf3 g6 3. Bg5 Bg7 4. Nbd2 d5 5. e3 O-O 6. Be2 c5 7. c3 Nc6 8. dxc5 Ne4 9. Nxe4 dxe4 10. Nd4 Ne5 11. O-O Qc7 12. b4 Rd8 13. Qc2 b6 14. cxb6 axb6 15. Rfd1 h6 16. Nb5 Rxd1+ 17. Rxd1 Qb7 18.
Bf4 Be6 19. a3 Nc4 20. Nc7 Nxa3 21. Qd2 Rc8 22. Nxe6 fxe6 23. Qa2 Rxc3 24. Qxe6+ Kh7 25. Rd8 Rc1+ 26. Bf1 g5 27. Qf5# 1-0

[Event "*** SCC Grand Prix: Titled Tuesday Blitz"]
[Site "Chess.com"]
[Date "2020.08.25"]
[Round "7"]
[White "anskam"]
[Black "rugbyclub"]
[Result "0-1"]
[WhiteElo "1640"]
[BlackElo "2168"]
[TimeControl "180+1"]
[EndTime "11:17:51 PDT"]
[Termination "rugbyclub won by checkmate"]

1. e4 c5 2. Nf3 Nc6 3. d4 cxd4 4. Nxd4 Nf6 5. Nc3 d6 6. Be3 Ng4 7. Bc1 Qb6 8. Nce2 e5 9. h3 Nxf2 10. Kxf2 exd4 11. Ke1 Be7 12. Qd3 O-O 13. b3 f5 14.
Bb2 fxe4 15. Qxe4 Bf5 16. Qd5+ Kh8 17. Nxd4 Bh4+ 18. Kd1 Nb4 19. Nxf5 Nxd5 20. Bxg7+ Kg8 21. Bc4 Rxf5 22. Bb2 Kf8 23. a4 Ne3+ 24. Kd2 Nxc4+ 25. bxc4 Qxb2 26. Rab1 Bg5+ 27. Ke2 Re8+ 28. Kd3 Re3+ 29.
Kd2 Rf2+ 30. Kd1 Qxb1# 0-1

[Event "*** SCC Grand Prix: Titled Tuesday Blitz"]
[Site "Chess.com"]
[Date "2020.08.25"]
[Round "7"]
[White "SGchess01"]
[Black "MomchilPetkov"]
[Result "1-0"]
[WhiteElo "2734"]
[BlackElo "2551"]
[TimeControl "180+1"]
[EndTime "11:17:54 PDT"]
[Termination "SGchess01 won by resignation"]

1. d4 Nf6 2. c4 e6 3. Nf3 d5 4.
Nc3 Bb4 5. cxd5 exd5 6. Bf4 Nc6 7. Rc1 Ne4 8. Nd2 g5 9. Be3 Nxc3 10. bxc3 Ba3 11.
Rb1 f5 12. Nf3 f4 13. Bd2 Rf8 14. g3 g4 15. Nh4 Bd6 16. Ng2 f3 17. exf3 gxf3 18. Ne3 Ne7 19. Bd3 c6 20. O-O Qc7 21. c4 Bh3 22. c5 Bf4 23. Re1 O-O-O 24. Qxf3 Bxe3 25. Qxe3 Ng6 26. Qh6 Qd7 27. a4 Qg4 28.
a5 Qf3 29. Qxh3+ Kb8 30. Be3 1-0

[Event "*** SCC Grand Prix: Titled Tuesday Blitz"]
[Site "Chess.com"]
[Date "2020.08.25"]
[Round "7"]
[White "novocane"]
[Black "bazar-wokzal"]
[Result "0-1"]
[WhiteElo "2271"]
[BlackElo "2480"]
[TimeControl "180+1"]
[EndTime "11:17:55 PDT"]
[Termination "bazar-wokzal won by resignation"]

1. d4 Nf6 2. c4 Nc6 3. Nf3 e6 4. a3 g6 5. Nc3 Bg7 6. e4 d5 7. e5 Ne4 8. Bd3 Nxc3 9. bxc3 dxc4 10. Bxc4 Na5 11. Bd3 c5 12. h4 h6 13. Be3 Bd7 14. h5 g5 15. dxc5 Qc7 16. Nd4 Bxe5 17. Nb5 Bxb5 18. Bxb5+ Nc6 19. O-O Bxc3 20. f4 Bxa1 21.
Qxa1 O-O-O 22. fxg5 hxg5 23. Bxg5 Rdg8 24. Bf4 e5 25. Bxc6 Qxc6 0-1

[Event "*** SCC Grand Prix: Titled Tuesday Blitz"]
[Site "Chess.com"]
[Date "2020.08.25"]
[Round "7"]
[White "Kaliopa"]
[Black "gagtemp"]
[Result "1-0"]
[WhiteElo "2190"]
[BlackElo "1955"]
[TimeControl "180+1"]
[EndTime "11:18:08 PDT"]
[Termination "Kaliopa won by checkmate"]

1. d4 d5 2. c4 e6 3. Nc3 c5 4. Nf3 Nc6 5. e3 Nf6 6. a3 cxd4 7. exd4 Be7 8. Bd3 O-O 9. O-O dxc4 10. Bxc4 a6 11. Qd3 b5 12. Bb3 Bb7 13. Bg5 g6 14. Rad1 Re8 15. Rfe1 Na5 16. Ba2 Nd5 17.
Bd2 Nxc3 18. Bxc3 Rc8 19. d5 Rxc3 20. Qxc3 Bxd5 21. Bxd5 exd5 22. Nd4 Nc4 23. Nc6 Qd7 24. Nxe7+ Rxe7 25. Qf6 Rxe1+ 26. Rxe1 Qf5 27. Re8# 1-0

[Event "*** SCC Grand Prix: Titled Tuesday Blitz"]
[Site "Chess.com"]
[Date "2020.08.25"]
[Round "7"]
[White "topotun"]
[Black "StellarChessPro"]
[Result "1-0"]
[WhiteElo "2713"]
[BlackElo "2497"]
[TimeControl "180+1"]
[EndTime "11:18:11 PDT"]
[Termination "topotun won by resignation"]

1. e4 g6 2. d4 Bg7 3. Nc3 d6 4.
g3 Nf6 5. Bg2 O-O 6. Nge2 e5 7. h3 Nc6 8. Be3 exd4 9. Nxd4 Nxd4 10. Bxd4 Nd7 11. O-O Re8 12. f4 a6 13. a4 Bxd4+ 14.
Qxd4 Qf6 15. Qc4 Qd8 16. a5 Nf6 17. Rad1 Qe7 18. Kh2 Rb8 19. Rfe1 Be6 20. Qd4 Red8 21. Nd5 Bxd5 22. exd5 c5 23. dxc6 Qf8 24. c7 1-0

[Event "*** SCC Grand Prix: Titled Tuesday Blitz"]
[Site "Chess.com"]
[Date "2020.08.25"]
[Round "7"]
[White "EnergeticHay"]
[Black "Azoulas1"]
[Result "1-0"]
[WhiteElo "2191"]
[BlackElo "1961"]
[TimeControl "180+1"]
[EndTime "11:18:16 PDT"]
[Termination "EnergeticHay won by checkmate"]

1. e4 c5 2. b4 cxb4 3. a3 bxa3 4. Bxa3 d6 5. d4 g6 6. Nf3 Bg7 7. c4 Nd7 8. Be2 b6 9. O-O Bb7 10. Nc3 Ngf6 11. e5 dxe5 12. dxe5 Ng4 13. e6 fxe6 14. Ng5 Bxc3 15. Bxg4 Qc8 16. Bxe6 Bf6 17. Qg4 Qc6 18.
Bd5 Qc8 19. Ne6 Ne5 20. Qe4 Bxd5 21. cxd5 Qc4 22. Qe3 Kf7 23. Rad1 Rac8 24. f4 Ng4 25. Ng5+ Kg7 26. Qe6 Bd4+ 27. Kh1 Nf2+ 28. Rxf2 Bxf2 29. Bb2+ Kh6 30. Qh3+ Bh4 31. Qxh4# 1-0

[Event "*** SCC Grand Prix: Titled Tuesday Blitz"]
[Site "Chess.com"]
[Date "2020.08.25"]
[Round "7"]
[White "frequentblunders"]
[Black "DrMamaliga"]
[Result "0-1"]
[WhiteElo "2029"]
[BlackElo "2218"]
[TimeControl "180+1"]
[EndTime "11:18:18 PDT"]
[Termination "DrMamaliga won by resignation"]

1. e4 e5 2. Nc3 Nf6 3. Nf3 Nc6 4. d4 exd4 5. Nd5 Bc5 6. Bg5 Be7 7. Nxe7 Qxe7 8. Bd3 h6 9. Bxf6 Qxf6 10. O-O O-O 11. Re1 d6 12. Bb5 Bg4 13. Bxc6 Bxf3 14. Qxf3 Qxf3 15.
gxf3 bxc6 16. e5 Rfe8 17. exd6 cxd6 18. Rxe8+ Rxe8 19. Rd1 c5 20. c3 Re2 21. cxd4 Rxb2 22. dxc5 dxc5 23. Rc1 Rb5 24. a4 Ra5 25. Rc4 Kf8 26.
Kf1 Ke7 27. Ke2 Kd6 28. Kd3 Kd5 29. h4 Ra6 30. Rf4 Rf6 31. Rxf6 gxf6 32. Kc3 c4 33. Kb4 Kd4 34. Kb5 c3 0-1

[Event "*** SCC Grand Prix: Titled Tuesday Blitz"]
[Site "Chess.com"]
[Date "2020.08.25"]
[Round "7"]
[White "carlsen1001"]
[Black "Ausbildung"]
[Result "1/2-1/2"]
[WhiteElo "2396"]
[BlackElo "2254"]
[TimeControl "180+1"]
[EndTime "11:18:19 PDT"]
[Termination "Game drawn by repetition"]

1. e4 e5 2. Nf3 Nc6 3. Bb5 Nf6 4. O-O d6 5. Re1 Be7 6. c3 O-O 7. h3 Nb8 8. d4 c6 9. Ba4 Nbd7 10.
Nbd2 Kh8 11. Nf1 Rg8 12. Ng3 Qc7 13. Bb3 Rf8 14. Nf5 Bd8 15. Ng5 Nb6 16. dxe5 dxe5 17. Nxf7+ Rxf7 18. Bxf7 Bxf5 19. exf5 Qxf7 20. Rxe5 Bc7 21.
Re6 Rd8 22. Qe2 Nbd5 23. Bg5 h6 24. Bxf6 Nxf6 25. Re1 Bd6 26. c4 Kh7 27. Qf3 Nh5 28.
Rg6 Nf4 29. Rxd6 Nxh3+ 30. Qxh3 Rxd6 31. b3 Rd2 32. Qe3 Rxa2 33. Qe6 Kg8 34. Qc8+ Kh7 35. Re8 Ra1+ 36. Kh2 Qh5+ 37. Kg3 Qg5+ 38. Kf3 Qh5+ 39. Kg3 Qg5+ 40. Kf3 Qh5+ 41. Kg3 1/2-1/2

[Event "*** SCC Grand Prix: Titled Tuesday Blitz"]
[Site "Chess.com"]
[Date "2020.08.25"]
[Round "7"]
[White "elegant285"]
[Black "FMJoseHerrera"]
[Result "0-1"]
[WhiteElo "2361"]
[BlackElo "2510"]
[TimeControl "180+1"]
[EndTime "11:18:22 PDT"]
[Termination "FMJoseHerrera won by resignation"]

1. d4 Nf6 2. Bf4 c5 3. d5 g6 4.
Nc3 Bg7 5. e4 O-O 6. Qd2 e6 7.
O-O-O exd5 8. exd5 a6 9. h4 h5 10. Bd6 Re8 11. Bxc5 b5 12. f3 d6 13. Bd4 Nbd7 14.
Nh3 Ne5 15. Kb1 Bf5 16. Ng5 Rc8 17. Bxe5 Rxe5 18. f4 Re7 19. Bd3 b4 20. Ne2 Bg4 21. Rde1 Nxd5 22. Ng3 Nc3+ 23. bxc3 bxc3 24. Qc1 Rb7+ 25.
Ka1 Rb2 26. Re4 Qa5 27. a4 Qc5 28. Qxb2 cxb2+ 29. Kb1 Qa3 0-1

[Event "*** SCC Grand Prix: Titled Tuesday Blitz"]
[Site "Chess.com"]
[Date "2020.08.25"]
[Round "7"]
[White "AGW2016"]
[Black "RodinMihail"]
[Result "1-0"]
[WhiteElo "2367"]
[BlackElo "2484"]
[TimeControl "180+1"]
[EndTime "11:18:22 PDT"]
[Termination "AGW2016 won by resignation"]

1. d4 d5 2. c4 e6 3. Nf3 Nf6 4. g3 c6 5. Bg2 Nbd7 6. O-O Bd6 7.
Nc3 dxc4 8. e4 e5 9. dxe5 Nxe5 10. Nxe5 Bxe5 11. Qxd8+ Kxd8 12. Rd1+ Kc7 13. f4 Bxc3 14.
bxc3 Bg4 15. Rd4 b5 16. Ba3 Rhd8 17. h3 Be2 18. e5 Nd5 19. Bd6+ Rxd6 20. exd6+ Kxd6 21. Re1 Bd3 22. Bxd5 cxd5 23. Re5 Kc6 24. Rdxd5 a6 25.
Rc5+ Kb6 26. Rcd5 Kc6 27. Rd4 Ra7 28. Re8 a5 29. Rc8+ Rc7 30. Rxc7+ Kxc7 31. a3 Kc6 32. Rd8 Bf5 33. g4 Be6 34. Kf2 g6 35. Ke3 Kc5 36. Rh8 b4 37. axb4+ axb4 38. cxb4+ Kxb4 39. Kd4 c3 40. Rb8+ Ka5 41. Kxc3 h5 42. gxh5 gxh5 43. h4 Bg4 44. Kd4 Ka6 45. Ke5 Ka7 46. Rf8 f5 47.
Rxf5 1-0

[Event "*** SCC Grand Prix: Titled Tuesday Blitz"]
[Site "Chess.com"]
[Date "2020.08.25"]
[Round "7"]
[White "AungTZ"]
[Black "BJthechessgod"]
[Result "0-1"]
[WhiteElo "2130"]
[BlackElo "2219"]
[TimeControl "180+1"]
[EndTime "11:18:23 PDT"]
[Termination "BJthechessgod won by resignation"]

1. e4 c5 2. Nf3 Nc6 3. Bb5 g6 4.
O-O Bg7 5. c3 Nf6 6. Re1 O-O 7.
d4 cxd4 8. cxd4 d5 9. e5 Ne4 10. Nbd2 Nxd2 11. Bxd2 Bg4 12. Bxc6 bxc6 13. h3 Bxf3 14.
Qxf3 Qb6 15. Bc3 Rac8 16. b4 f5 17. a4 e6 18. Qf4 h6 19. Qd2 f4 20. f3 g5 21. Kh1 Rf7 22. Qd3 Rf5 23. Rec1 Kf7 24.
Bd2 Bf8 25. Rab1 Qb7 26. Rc2 Be7 27. b5 cxb5 28. Rxb5 Qd7 29. Rcb2 Rc4 30. Rb7 Qc6 31. Bb4 Qxb7 0-1

[Event "*** SCC Grand Prix: Titled Tuesday Blitz"]
[Site "Chess.com"]
[Date "2020.08.25"]
[Round "7"]
[White "Gurvich_Vitaly"]
[Black "Firouzja2003"]
[Result "0-1"]
[WhiteElo "2618"]
[BlackElo "2979"]
[TimeControl "180+1"]
[EndTime "11:18:27 PDT"]
[Termination "Firouzja2003 won by resignation"]

1. e4 c6 2. Nf3 d5 3. d3 g6 4.
Nbd2 Bg7 5. e5 c5 6. c3 Nc6 7. d4 f6 8. exf6 Nxf6 9. Bd3 O-O 10. O-O Nh5 11. dxc5 e5 12. Bb5 e4 13. Nd4 Nxd4 14. cxd4 Bxd4 15. Nb3 Be5 16. g3 Bh3 17. Re1 a6 18. Be2 Ng7 19. Be3 Nf5 20.
Nd4 Nxd4 21. Bxd4 Qf6 22. Be3 d4 23. Bc4+ Kh8 24. Qe2 dxe3 25. fxe3 Qf3 26. Qxf3 exf3 27. Kf2 Rac8 28. Bb3 Rxc5 29. Rac1 Rxc1 30. Rxc1 Bg4 31.
Bd5 Rd8 0-1

[Event "*** SCC Grand Prix: Titled Tuesday Blitz"]
[Site "Chess.com"]
[Date "2020.08.25"]
[Round "7"]
[White "Annagozel"]
[Black "IngOscarArdila"]
[Result "0-1"]
[WhiteElo "1851"]
[BlackElo "2193"]
[TimeControl "180+1"]
[EndTime "11:18:27 PDT"]
[Termination "IngOscarArdila won on time"]

1. e4 e5 2. Nf3 Nf6 3. Nxe5 d6 4. Nf3 Nxe4 5. Qe2 Qe7 6. d3 Nf6 7. Bg5 Qxe2+ 8. Bxe2 Be7 9. Nc3 c6 10. O-O-O Nbd7 11.
d4 h6 12. Bf4 O-O 13. h3 Re8 14. Bd3 Nf8 15. g4 Ne6 16. Bg3 Bd7 17. Nh4 Nxd4 18. Nf5 Nxf5 19. Bxf5 Bxf5 20. gxf5 d5 21. Bf4 Kf8 22.
Rhg1 Bc5 23. Rg2 Ne4 24. Nxe4 Rxe4 25. Bd2 Rae8 26. Rdg1 Bd4 27. c3 Bf6 28. Be3 R8e5 29. Bxa7 Rxf5 30. Be3 Ke8 31. Kc2 Kd7 32. Kd3 Rf3 33.
Ke2 Rxh3 34. Rg4 Rxg4 35. Rxg4 Rh5 36. Rb4 b5 37. a4 Be7 0-1

[Event "*** SCC Grand Prix: Titled Tuesday Blitz"]
[Site "Chess.com"]
[Date "2020.08.25"]
[Round "7"]
[White "VladaSviridova"]
[Black "ChainsOfFantasia"]
[Result "0-1"]
[WhiteElo "2286"]
[BlackElo "2487"]
[TimeControl "180+1"]
[EndTime "11:18:31 PDT"]
[Termination "ChainsOfFantasia won by resignation"]

1. d4 Nf6 2. c4 e6 3. Nf3 d5 4. Nc3 Be7 5. Bf4 O-O 6. e3 Nbd7 7.
c5 Ne4 8. Bd3 f5 9. Ne5 b6 10.
Nc6 Qe8 11. Nxe7+ Qxe7 12. c6 Nb8 13. Rc1 Nxc6 14. f3 Nxc3 15. Rxc3 e5 16. dxe5 Nxe5 17. O-O c5 18. b3 Bb7 19. Qc2 g6 20. Rd1 Rad8 21.
Bh6 Rfe8 22. Bb5 Bc6 23. Bxc6 Nxc6 24. Rcd3 Nb4 25. Qc3 Nxd3 26. Rxd3 d4 27. Qc4+ Qe6 28. Qxe6+ Rxe6 29. exd4 Rxd4 30. Rxd4 cxd4 31. Kf2 Kf7 32. h4 d3 33. Be3 f4 34. Bd4 Re2+ 35. Kf1 Rxa2 0-1

[Event "*** SCC Grand Prix: Titled Tuesday Blitz"]
[Site "Chess.com"]
[Date "2020.08.25"]
[Round "7"]
[White "Diego_FloresQ"]
[Black "EndGameDestroyer"]
[Result "1-0"]
[WhiteElo "2400"]
[BlackElo "2244"]
[TimeControl "180+1"]
[EndTime "11:18:32 PDT"]
[Termination "Diego_FloresQ won by checkmate"]

1. e4 Nc6 2. d4 e5 3. Nf3 exd4 4. Bc4 Nf6 5. Ng5 d5 6. exd5 Nxd5 7. O-O Be6 8. Re1 Be7 9. Nxe6 fxe6 10. Rxe6 Qd7 11. Qh5+ g6 12. Qxd5 Nb4 13. Qe5 Rf8 14. Bg5 Rf7 15.
Rxe7+ Rxe7 16. Qh8# 1-0

[Event "*** SCC Grand Prix: Titled Tuesday Blitz"]
[Site "Chess.com"]
[Date "2020.08.25"]
[Round "7"]
[White "Oglob71"]
[Black "anon102030"]
[Result "0-1"]
[WhiteElo "2560"]
[BlackElo "2741"]
[TimeControl "180+1"]
[EndTime "11:18:35 PDT"]
[Termination "anon102030 won on time"]

1. d4 Nf6 2. Nf3 d6 3. c4 g6 4. Nc3 Bg7 5. Bg5 Nbd7 6. e3 h6 7. Bh4 g5 8. Bg3 Nh5 9. Bd3 Nxg3 10. hxg3 e5 11. Bf5 exd4 12. Nxd4 Ne5 13. Qe2 Nc6 14.
Bxc8 Qxc8 15. O-O-O Qd7 16. Nd5 a6 17. g4 O-O-O 18.
Nf5 Rdg8 19. Rh5 Qe6 20. Rdh1 Bf8 21. g3 Ne5 0-1

[Event "*** SCC Grand Prix: Titled Tuesday Blitz"]
[Site "Chess.com"]
[Date "2020.08.25"]
[Round "7"]
[White "MichailovM"]
[Black "northridgehawk"]
[Result "1-0"]
[WhiteElo "2469"]
[BlackElo "2285"]
[TimeControl "180+1"]
[EndTime "11:18:36 PDT"]
[Termination "MichailovM won by resignation"]

1. e4 e5 2. Nf3 Nc6 3. Bb5 a6 4. Ba4 Nf6 5. O-O b5 6. Bb3 Bc5 7. a4 Rb8 8. c3 d6 9. d4 Bb6 10.
a5 Ba7 11. h3 O-O 12. Be3 exd4 13. cxd4 Re8 14. Nc3 Nb4 15. Ng5 d5 16. e5 h6 17.
exf6 hxg5 18. fxg7 Kxg7 19. Qh5 f6 20. Ne2 Rh8 21.
Qf3 Be6 22. Ng3 Qd7 23. Rac1 g4 24. hxg4 Bxg4 25. Qf4 Rbc8 26. f3 Nd3 27. Qxg4+ Qxg4 28. fxg4 Nxc1 29. Rxc1 Rhe8 30. Rc6 Kg6 31. Kf2 Re7 32. Bc2+ Kf7 33. Nf5 Re6 34. Nh6+ Ke7 35. Rxe6+ Kxe6 36. Bf5+ Kd6 37. Bxc8 c6 38. Bxa6 Bb8 39. Bc8 Bc7 40. a6 Bb6 41. Nf5+ Kc7 42. Be6 b4 43. Bf4+ Kd8 44.
Bb8 1-0

[Event "*** SCC Grand Prix: Titled Tuesday Blitz"]
[Site "Chess.com"]
[Date "2020.08.25"]
[Round "7"]
[White "BogdanDeac"]
[Black "Haykoooo0o"]
[Result "1-0"]
[WhiteElo "2825"]
[BlackElo "2520"]
[TimeControl "180+1"]
[EndTime "11:18:37 PDT"]
[Termination "BogdanDeac won by checkmate"]

1. Nf3 d5 2. d4 Nf6 3. c4 c6 4.
g3 Bf5 5. Nc3 e6 6. Nh4 Bg4 7.
Qb3 Qb6 8. h3 Bh5 9. g4 Bg6 10.
Nxg6 hxg6 11. Bg2 Qxb3 12. axb3 Nbd7 13. g5 Ng8 14. e4 dxe4 15. Nxe4 Bb4+ 16. Bd2 Bxd2+ 17.
Kxd2 Ke7 18. c5 Rh4 19. Ke3 e5 20. Rhd1 f5 21. Nd6 f4+ 22. Ke2 exd4 23. Nxb7 Ne5 24.
Ra4 Rb8 25. Rxa7 f3+ 26. Bxf3 d3+ 27. Ke3 Rxh3 28. Kf4 Ke6 29. Bg4+ Nxg4 30. Kxg4 Rh5 31. Rxd3 Ne7 32. Re3+ Kd5 33. Rxe7 Rf8 34. Rd7+ Ke6 35.
Nd8+ Ke5 36. Nxc6+ Ke4 37. Rd4# 1-0

[Event "*** SCC Grand Prix: Titled Tuesday Blitz"]
[Site "Chess.com"]
[Date "2020.08.25"]
[Round "7"]
[White "The_Chess_Coach"]
[Black "Balla_Tamas"]
[Result "0-1"]
[WhiteElo "2215"]
[BlackElo "2457"]
[TimeControl "180+1"]
[EndTime "11:18:37 PDT"]
[Termination "Balla_Tamas won by resignation"]

1. d4 Nf6 2. c4 e6 3. Nc3 Bb4 4. e3 O-O 5. Bd3 d5 6. Nf3 c5 7. O-O cxd4 8. exd4 dxc4 9. Bxc4 b6 10. Bg5 Bb7 11. Qe2 h6 12. Be3 Nd5 13. Nxd5 Bxd5 14.
Bxd5 Qxd5 15. Rfd1 Nd7 16. a3 Bd6 17. Ne5 Nf6 18. Bf4 Rac8 19. Rd3 Qe4 20. Qd2 Nd5 21. Bxh6 Bxe5 22. Re1 Qg6 23. Rh3 Rc2 24. Qd1 Bf6 25. Be3 Nxe3 26. Rhxe3 Rfc8 27. Rg3 Qf5 28. Rh3 Qxf2+ 0-1